 Dungeon Crawl Stone Soup version 0.30-a0-567-gf7fd966b4a (webtiles) character file.

Game seed: 8807385830451464998

731 mrw0lf the Cudgeller (level 7, -2/60 HPs)
             Began as a Gnoll Cinder Acolyte on Dec 28, 2022.
             Was a High Priest of Ignis.
             Slain by an iguana (10 damage)
             ... on level 5 of the Dungeon.
             The game lasted 00:11:26 (4547 turns).

mrw0lf the Cudgeller (Gnoll Cinder Acolyte)         Turns: 4547, Time: 00:11:27

Health: -2/60      AC:  3    Str: 15    XL:     7   Next: 73%
Magic:  10/13      EV: 11    Int: 14    God:    Ignis [*****.]
Gold:   216        SH:  0    Dex:  7    Spells: 12/14 levels left

rFire   + . .      SeeInvis .    g - +0 morningstar
rCold   . . .      Faith    .    (no shield)
rNeg    . . .      Spirit   .    k - +0 leather armour
rPois   .          Reflect  .    (no helmet)
rElec   .          Harm     .    o - scarf {repulsion}
rCorr   .          Rampage  .    (no gloves)
Will    .....                    (no boots)
Stlth   ++                       (no amulet)
HPRegen 0.30/turn                (no ring)
MPRegen 0.13/turn                (no ring)

@: repel missiles
A: fangs 1, strong nose, distributed training
a: Renounce Religion, Fiery Armour, Foxfire Swarm, Rising Flame


You were on level 5 of the Dungeon.
You worshipped Ignis.
Ignis was extremely pleased with you.
You visited 1 branch of the dungeon, and saw 5 of its levels.

You collected 216 gold pieces.

Inventory:

Hand Weapons
 g - a +0 morningstar (weapon)
Missiles
 c - 10 poisoned darts (quivered)
 m - 5 boomerangs
Armour
 k - a +0 leather armour (worn)
 n - a +0 chain mail
 o - a scarf of repulsion (worn)
Scrolls
 d - 3 scrolls of teleportation {unknown}
 f - 5 scrolls of identify {unknown}
 p - 2 scrolls of amnesia {unknown}
 q - a scroll of enchant armour {unknown}
Potions
 a - 2 potions of curing {unknown}
 b - a potion of ambrosia {unknown}
 e - a potion of mutation {unknown}
 h - a potion of brilliance {unknown}
 i - 2 potions of cancellation {unknown}
 j - 2 potions of might {unknown}
 l - a potion of heal wounds {unknown}


   Skills:
 + Level 7.1 Fighting
 + Level 2.8 Short Blades
 + Level 2.8 Long Blades
 + Level 2.8 Axes
 + Level 7.1 Maces & Flails
 + Level 2.8 Polearms
 + Level 2.8 Staves
 + Level 2.8 Ranged Weapons
 + Level 2.8 Throwing
 + Level 2.8 Armour
 + Level 2.8 Dodging
 + Level 2.8 Stealth
 + Level 2.8 Shields
 + Level 2.8 Unarmed Combat
 + Level 4.0 Spellcasting
 + Level 2.2 Conjurations
 + Level 2.2 Hexes
 + Level 2.2 Summonings
 + Level 2.2 Necromancy
 + Level 2.2 Translocations
 + Level 2.2 Transmutations
 + Level 5.9 Fire Magic
 + Level 2.2 Ice Magic
 + Level 2.2 Air Magic
 + Level 2.2 Earth Magic
 + Level 2.2 Poison Magic
 + Level 3.1 Invocations
 + Level 2.8 Evocations


You had 12 spell levels left.
You knew the following spells:

 Your Spells              Type           Power      Damage    Failure   Level
a - Scorch                Fire           38%        2d7       3%          2

Your spell library contained the following spells:

 Spells                   Type           Power      Damage    Failure   Level
 Freezing Cloud           Conj/Ice/Air   4%         6-21      95%         5
 Simulacrum               Ice/Necr       4%         N/A       100%        6
 Polar Vortex             Ice            4%         N/A       100%        9


Dungeon Overview and Level Annotations

Branches:
Dungeon (5/15)             Temple (0/1) D:5

Altars:
Hepliaklqana
Ru
Sif Muna
Wu Jian
Xom

Shops:
D:2 (

Annotations:
D:3 3 runed translucent doors, caveywoolpert's ghost, amateur DEEE


Innate Abilities, Weirdness & Mutations

You have very sharp teeth.
Your uncanny sense of smell can sniff out nearby items.
Your experience applies equally to all skills.


Message History

You closely miss the iguana.
The iguana is lightly wounded.
The iguana bites you.
You take 2 damage, and have 58/60 hp.
You completely miss the iguana.
The iguana is lightly wounded.
The iguana is no longer more vulnerable to fire.
The iguana bites you.
You take 3 damage, and have 55/60 hp.
You hit the iguana.
The iguana is moderately wounded.
The iguana closely misses you.
You hit the iguana.
The iguana is heavily wounded.
The iguana bites you!
You take 10 damage, and have 46/60 hp.
You closely miss the iguana.
The iguana is heavily wounded.
The iguana bites you!
You take 8 damage, and have 38/60 hp.
You barely miss the iguana. You bite the iguana, but do no damage.
The iguana is heavily wounded.
The iguana bites you! x2
* * * LOW HITPOINT WARNING * * *
You take 21 damage, and have 17/60 hp.
MASSIVE DAMAGE!!
Casting: Scorch (safe; 3% risk of failure)
Confirm with . or Enter, or press ? or * to list all spells.
Flames lash the iguana.
The iguana is almost dead.
The iguana's fire resistance burns away.
The iguana bites you!
* * * LOW HITPOINT WARNING * * *
You take 10 damage, and have 7/60 hp.
You now have 10/13 mp.
The iguana attacks as you move away! The iguana closely misses you.
You barely miss the iguana. You punch the iguana, but do no damage.
Your bite misses the iguana.
The iguana is almost dead.
The iguana is no longer more vulnerable to fire.
The iguana bites you!
You die...

##.#....#####........#
#.g...###...###.####.############
..######....(.#.# #.............
######...###....# #.##..8..8..8.
##......######..# #.##..........
......###...###.####..........)..
).#####..._........#.##..........
###..............#.#.##..8..8..8.
#.......)...##.l@#.#.............
..######)#.#...#...#.############
#######........#...#.#####
...).##....#.#.#.#.......#
.....##....#.....#.......#
.....#####.#.#.#.#.......# .....#
#.#.#.#.#.......# .....#
#.#.............# .....#
#.###.#.##......#


You could see an iguana.

Vanquished Creatures
  An ogre (D:5)
  A kobold brigand (D:5)
  A necrophage (D:5)
  A gnoll sergeant (D:5)
  A howler monkey (D:4)
  2 jellies
  2 hounds
  Jessica (D:2)
  An iguana (D:5)
  An orc wizard (D:3)
  6 gnolls
  6 adders
  A white imp (D:5)
  A worm (D:4)
  A dart slug (D:5)
  9 orcs
  3 endoplasms
  3 giant cockroaches
  7 goblins
  5 hobgoblins
  12 kobolds
  2 quokkas (D:4)
  7 ball pythons
  5 bats
  2 frilled lizards (D:1)
  10 rats
92 creatures vanquished.

Notes
Turn   | Place    | Note
-------+----------+-------------------------------------------
     0 | D:1      | mrw0lf the Gnoll Cinder Acolyte began the quest for the
                  | Orb.
     0 | D:1      | Reached XP level 1. HP: 23/23 MP: 4/4
   283 | D:1      | Reached XP level 2. HP: 29/29 MP: 5/5
   294 | D:1      | Learned a level 2 spell: Scorch
   942 | D:2      | Reached XP level 3. HP: 33/35 MP: 7/7
  1019 | D:2      | Noticed Jessica
  1023 | D:2      | Killed Jessica
  1024 | D:2      | Reached skill level 1 in Short Blades
  1024 | D:2      | Reached skill level 1 in Long Blades
  1024 | D:2      | Reached skill level 1 in Axes
  1024 | D:2      | Reached skill level 1 in Polearms
  1024 | D:2      | Reached skill level 1 in Staves
  1024 | D:2      | Reached skill level 1 in Ranged Weapons
  1024 | D:2      | Reached skill level 1 in Throwing
  1024 | D:2      | Reached skill level 1 in Armour
  1024 | D:2      | Reached skill level 1 in Dodging
  1024 | D:2      | Reached skill level 1 in Stealth
  1024 | D:2      | Reached skill level 1 in Shields
  1024 | D:2      | Reached skill level 1 in Unarmed Combat
  1024 | D:2      | Reached skill level 1 in Invocations
  1024 | D:2      | Reached skill level 1 in Evocations
  1064 | D:2      | Reached XP level 4. HP: 41/41 MP: 8/8
  1089 | D:2      | Found a sacrificial altar of Ru.
  1309 | D:2      | Found Eri Loxt's Antique Weapon Emporium.
  1363 | D:2      | Reached skill level 1 in Conjurations
  1363 | D:2      | Reached skill level 1 in Hexes
  1363 | D:2      | Reached skill level 1 in Summonings
  1363 | D:2      | Reached skill level 1 in Necromancy
  1363 | D:2      | Reached skill level 1 in Translocations
  1363 | D:2      | Reached skill level 1 in Transmutations
  1363 | D:2      | Reached skill level 1 in Ice Magic
  1363 | D:2      | Reached skill level 1 in Air Magic
  1363 | D:2      | Reached skill level 1 in Earth Magic
  1363 | D:2      | Reached skill level 1 in Poison Magic
  1804 | D:3      | Found a runed translucent gate.
  1804 | D:3      | Found a runed translucent gate.
  1804 | D:3      | Found a runed translucent gate.
  1805 | D:3      | Noticed caveywoolpert's ghost (amateur DEEE)
  1817 | D:3      | Reached XP level 5. HP: 40/47 MP: 9/9
  2868 | D:4      | Reached XP level 6. HP: 36/53 MP: 9/11
  3113 | D:4      | Found a hazy altar of Hepliaklqana.
  3114 | D:4      | Found a shimmering altar of Xom.
  3115 | D:4      | Noticed a spectral ugly thing
  3485 | D:5      | Entered Level 5 of the Dungeon
  3647 | D:5      | HP: 2/53 [ogre/+0 giant club (14)]
  3889 | D:5      | Reached XP level 7. HP: 60/60 MP: 7/12
  4221 | D:5      | Found an ornate altar of the Wu Jian Council.
  4260 | D:5      | Found a shimmering blue altar of Sif Muna.
  4519 | D:5      | Found a staircase to the Ecumenical Temple.
  4547 | D:5      | Slain by an iguana

Illustrated notes

Levels and vault maps discovered:
D:1:      psy_arrival_whirlpool, layout_basic
D:2:      layout_basic, serial_shops, nicolae_shop_behind_doors, basic_altar,
          uniq_jessica
D:3:      layout_basic, ebering_ghost_rock_garden
D:4:      layout_gridville, regret_index_temple_of_mockery
D:5:      old_forge, layout_basic, grunt_temple_overflow_cloverleaf,
          mainiacjoe_overflow_catch_the_wave, temple_hall, wad_rectangle_vault

Skill      XL: |  1  2  3  4  5  6  7 |
---------------+----------------------+-----
Short Blades   | 1 2 |  2.8
Long Blades    | 1 2 |  2.8
Axes           | 1 2 |  2.8
Polearms       | 1 2 |  2.8
Staves         | 1 2 |  2.8
Ranged Weapons | 1 2 |  2.8
Throwing       | 1 2 |  2.8
Armour         | 1 2 |  2.8
Dodging        | 1 2 |  2.8
Stealth        | 1 2 |  2.8
Shields        | 1 2 |  2.8
Unarmed Combat | 1 2 |  2.8
Invocations    | 1 2 3 |  3.1
Evocations     | 1 2 |  2.8
Spellcasting   | 3 4 |  4.0
Conjurations   | 1 2 |  2.2
Hexes          | 1 2 |  2.2
Summonings     | 1 2 |  2.2
Necromancy     | 1 2 |  2.2
Translocations | 1 2 |  2.2
Transmutations | 1 2 |  2.2
Ice Magic      | 1 2 |  2.2
Air Magic      | 1 2 |  2.2
Earth Magic    | 1 2 |  2.2
Poison Magic   | 1 2 |  2.2
Fighting       | 7 |  7.1
Maces & Flails | 7 |  7.1
Fire Magic     | |  5.9

Action                   |  1- 3 |  4- 6 |  7- 9 || total
-------------------------+-------+-------+-------++-------
Melee: Mace              |    40 |       |       ||    40
       Bite              |     5 |    10 |     3 ||    18
       Morningstar       |    29 |   146 |    35 ||   210
       Punch             |       |     2 |     3 ||     5
Throw: Dart              |       |     3 |       ||     3
       Boomerang         |       |     3 |       ||     3
 Cast: Scorch            |     3 |     2 |    12 ||    17
Invok: Fiery Armour      |       |     1 |     1 ||     2
Armor: Robe              |    12 |     2 |       ||    14
       Leather armour    |       |    14 |     2 ||    16
       Chain mail        |       |    35 |       ||    35
Dodge: Dodged            |    43 |    71 |    26 ||   140
       Repelled          |       |       |     2 ||     2

Table legend: (Time is in decaauts)
 A = Elapsed time spent in this place.
 B = Non-inter-level travel time spent in this place.
 C = Inter-level travel time spent in this place.
 D = Time resting spent in this place.
 E = Time spent auto-exploring this place.
 F = Levels seen in this place.
 G = Mean time per level.
                   A        B        C        D        E       F      G
               +--------+--------+--------+--------+--------+-----+--------+
         Total |   4587 |   4192 |    395 |    592 |   2837 |   5 |  917.4 |
       Dungeon |   4587 |   4192 |    395 |    592 |   2837 |   5 |  917.4 |
               +--------+--------+--------+--------+--------+-----+--------+

Top non-repeatable levels by time:
     D:4: 1099 daAuts
     D:5: 999 daAuts
     D:1: 916 daAuts
     D:3: 877 daAuts
     D:2: 694 daAuts
